 Dungeon Crawl Stone Soup version 0.31-a0-523-g071a6c1ffa (webtiles) character file.

Game seed: 4179417740735907009

1180 arthad the Fighter (level 8, -3/51 HPs)
             Began as a Gargoyle Fighter on Aug 11, 2023.
             Was a Believer of Trog.
             Killed from afar by a starcursed mass (8 damage)
             ... with an accursed screaming
             ... on level 1 of the Abyss.
             The game lasted 00:05:12 (2185 turns).

arthad the Fighter (Gargoyle Fighter)               Turns: 2185, Time: 00:05:12

Health: -3/51      AC: 18    Str: 18 (21) XL:     8   Next: 42%
Magic:  8/8        EV: 10    Int: 11 (13) God:    Trog [**....]
Gold:   171        SH:  5    Dex:  7 (8)  Spells: 7/7 levels left

rFire   . . .        a - +0 war axe
rCold   . . .        c - +0 buckler
rNeg    + . .        b - +0 scale mail
rPois   ∞            (no helmet)
rElec   +            i - +0 cloak
rCorr   .            x - +0 pair of gloves
SInv    .            (no boots)
Will    .....        (no amulet) Stlth
                     (no ring)
HPRegen 0.28/turn    (no ring)
MPRegen 0.11/turn

%: no passive effects
@: mighty, silenced
A: sickness immunity, AC +5, negative energy resistance 1, electricity
resistance, torment resistance 1, petrification resistance, iridescent scales 1,
clever 1, frail 1
a: Renounce Religion


You were on level 1 of the Abyss.
You worshipped Trog.
Trog was pleased with you.
You visited 1 branch of the dungeon, and saw 4 of its levels.
You visited the Abyss 1 time.

You collected 171 gold pieces.

Inventory:

Hand Weapons
 a - a +0 war axe (weapon)
 v - a +0 vampiric scythe
Missiles
 q - an atropa-tipped dart
 z - 4 javelins
Armour
 b - a +0 scale mail (worn)
 c - a +0 buckler (worn)
 i - a +0 cloak (worn)
 x - a +0 pair of gloves (worn)
Scrolls
 f - 3 scrolls of teleportation {unknown}
 g - a scroll of fog {unknown}
 h - 7 scrolls of identify {unknown}
 k - a scroll of amnesia {unknown}
 m - a scroll of immolation {unknown}
 o - a scroll of silence {unknown}
 u - a scroll of noise {unknown}
 y - a scroll of fear {unknown}
Potions
 l - a potion of mutation
 p - a potion of lignification


   Skills:
 + Level 9.7 Fighting
 + Level 7.8 Axes
 - Level 3.2 Throwing
 + Level 8.3 Armour
 - Level 3.8 Dodging
 + Level 8.2 Shields
 - Level 3.1 Evocations


You had 7 spell levels left.
You didn't know any spells.
Your spell library was empty.

Dungeon Overview and Level Annotations

Branches:
Dungeon (4/15)
 Temple: D:4-7

Altars:
Trog


Innate Abilities, Weirdness & Mutations

You are immune to sickness and miasma.
Your stone body is resilient. (AC +5)
You are immune to poison.
You resist negative energy. (rN+)
You are resistant to electric shocks. (rElec)
You are resistant to unholy torment.
You are immune to petrification.
You are partially covered in iridescent scales. (AC +2)
Your mind is acute. (Int +4, Str/Dex -1)
You are frail. (-10% HP)


Message History

You closely miss the silent spectre.
The silent spectre is lightly damaged.
The silent spectre hits you but does no damage.
The silent spectre barely misses you.
You barely miss the silent spectre.
The silent spectre is lightly damaged.
The silent spectre hits you but does no damage.
You slash the silent spectre!
The silent spectre is heavily damaged.
The silent spectre hits you!
A starcursed mass comes into view.
You are too injured to fight recklessly!
You are too injured to fight recklessly!
You feel very mighty all of a sudden. The silent spectre hits you.
The starcursed mass shrieks in your mind.
* * * LOW HITPOINT WARNING * * *
You miss the silent spectre.
The silent spectre is heavily damaged.
You block the silent spectre's attack.
The starcursed mass shrieks in your mind.
* * * LOW HITPOINT WARNING * * *
You slash the silent spectre!
The silent spectre is severely damaged.
You block the silent spectre's attack.
You barely miss the silent spectre.
The silent spectre is severely damaged.
The silent spectre grins at you slowly. The silent spectre closely misses you.
A starcursed mass splits.
You closely miss the silent spectre.
The silent spectre is severely damaged.
The silent spectre closely misses you.
A starcursed mass splits.
The silent spectre hits you but does no damage.
A starcursed mass splits.
You closely miss the silent spectre.
The silent spectre is severely damaged.
A starcursed mass splits.
The silent spectre hits you.
* * * LOW HITPOINT WARNING * * *
A deafening chorus of shrieks assaults your mind!
You die...

###
##@#
##.W#
#XX##
#X##
..X
#.#.X
. .#.
.# #.
. ..


You could see 5 starcursed masses and a silent spectre (silencing).

Vanquished Creatures
  Sigmund (D:3)
  A small abomination (Abyss:1)
  3 adders
  An ufetubus (Abyss:1)
  A worm (D:2)
  2 dart slugs
  An orc (D:3)
  4 ball pythons
  8 endoplasms
  15 giant cockroaches
  5 goblins (D:1)
  11 hobgoblins
  7 jackals
  2 quokkas (D:1)
  4 bats
  2 frilled lizards
  A kobold (D:2)
  2 rats (D:3)
71 creatures vanquished.

Notes
Turn   | Place    | Note
-------+----------+-------------------------------------------
     0 | D:1      | arthad the Gargoyle Fighter began the quest for the Orb.
     0 | D:1      | Reached XP level 1. HP: 14/14 MP: 1/1
    37 | D:1      | Found a faded altar of an unknown god.
    58 | D:1      | Prayed at the altar of an unknown god.
    58 | D:1      | Became a worshipper of Trog the Wrathful
    58 | D:1      | Reached * piety under Trog
    71 | D:1      | Reached XP level 2. HP: 19/19 MP: 2/2
   327 | D:1      | Reached XP level 3. HP: 23/23 MP: 3/3
   421 | D:1      | Reached ** piety under Trog
   696 | D:2      | Reached XP level 4. HP: 22/29 MP: 4/4
  1253 | D:2      | Reached skill level 4 in Fighting
  1599 | D:3      | Noticed Sigmund
  1609 | D:3      | Killed Sigmund
  1610 | D:3      | Reached XP level 5. HP: 28/34 MP: 5/5
  1610 | D:3      | Reached XP level 6. HP: 32/39 MP: 6/6
  2056 | D:4      | HP: 1/39 [kobold/+2 whip of distortion (6)]
  2059 | D:4      | Gained mutation: You are partially covered in iridescent
                  | scales. (AC +2) [potion of mutation]
  2059 | D:4      | Gained mutation: You are frail. (-10% HP) [potion of
                  | mutation]
  2059 | D:4      | Gained mutation: Your mind is acute. (Int +4, Str/Dex -1)
                  | [potion of mutation]
  2061 | D:4      | Reached skill level 8 in Fighting
  2061 | D:4      | Reached XP level 7. HP: 4/45 MP: 7/7
  2062 | D:4      | Reached skill level 9 in Fighting
  2062 | D:4      | Reached XP level 8. HP: 5/51 MP: 8/8
  2068 | Abyss:1  | Cast into level 1 of the Abyss (kobold)
  2138 | Abyss:1  | Noticed a wretched star
  2142 | Abyss:1  | Noticed a silent spectre
  2151 | Abyss:1  | Found a corrupted altar of Lugonu.
  2179 | Abyss:1  | Noticed a starcursed mass
  2185 | Abyss:1  | Killed from afar by a starcursed mass

Illustrated notes

Levels and vault maps discovered:
D:1:      eino_arrival_druids_welcome, layout_basic,
          ebering_ecumenical_altar_box
D:2:      layout_rooms, serial_co_window_serial, co_window_paths_a,
          co_window_of_opportunity_a, co_window_corner_a, co_window_corner_a,
          co_window_of_opportunity_a, co_window_corner_a, co_window_paths_c,
          co_window_corner_b, co_window_unsneaky_path_c, co_window_cross_2,
          co_window_4corner_a, glass_columns_a, glass_columns_a,
          glass_columns_a, minmay_misc_feat_five
D:3:      minmay_roachtagon, layout_rooms, uniq_sigmund
D:4:      layout_basic, portal_sewer_entry_d
Abyss:1:  base:
D:3

Skill      XL: |  1  2  3  4  5  6  7 |
---------------+----------------------+-----
Axes           | 2 3 6 7 |  7.8
Shields        | 4 7 8 |  8.2
Fighting       | 4 8 9 |  9.7
Armour         | 4 7 8 |  8.3
Dodging        | 3 |  3.8
Throwing       | 3 |  3.2
Evocations     | 3 |  3.1

Action                     |  1- 3 |  4- 6 |  7- 9 || total
---------------------------+-------+-------+-------++-------
  Melee: War axe           |    64 |    84 |    21 ||   169
  Throw: Dart              |       |     1 |       ||     1
 Invoke: Trog's Hand       |       |       |     1 ||     1
    Use: Potion            |       |     3 |     9 ||    12
 Armour: Scale mail        |    43 |    57 |    18 ||   118
         Skin              |       |     1 |       ||     1
  Dodge: Dodged            |    46 |    58 |    25 ||   129
  Block: Buckler           |    14 |    25 |     8 ||    47

Table legend: (Time is in decaauts)
 A = Elapsed time spent in this place.
 B = Non-inter-level travel time spent in this place.
 C = Inter-level travel time spent in this place.
 D = Time resting spent in this place.
 E = Time spent auto-exploring this place.
 F = Levels seen in this place.
 G = Mean time per level.
                   A        B        C        D        E       F      G
               +--------+--------+--------+--------+--------+-----+--------+
         Total |   2264 |   2196 |     68 |      0 |   1665 |   5 |  452.8 |
       Dungeon |   2128 |   2060 |     68 |      0 |   1665 |   4 |  532.0 |
         Abyss |    135 |    135 |      0 |      0 |      0 |   1 |  135.0 |
               +--------+--------+--------+--------+--------+-----+--------+

Top non-repeatable levels by time:
     D:2: 899 daAuts
     D:1: 645 daAuts
     D:3: 559 daAuts
 Abyss:1: 135 daAuts
     D:4: 25 daAuts
